 Dungeon Sprint DCSS version 0.17-a0-764-gd40c196 (webtiles) character file.

5400000 namelastname112 the Grand Master (level 27, -28/249 HPs)
             Began as a Demonspawn Monk on Apr 23, 2015.
             Was the Champion of Makhleb.
             Annihilated by a sculptor of flesh
             ... wielding a +9 great sword
              (253 damage)
             ... in the Dungeon (Sprint VIII: "Arena of Blood").
             The game lasted 00:01:31 (54 turns).

namelastname112 the Grand Master (Demonspawn Monk)    Turns: 54, Time: 00:01:32

Health: -28/249    AC:  8    Str: 12    XL:     27
Magic:  0/54       EV: 39    Int: 14    God:    Makhleb [******]
Gold:   0          SH:  0    Dex: 26    Spells: 0 memorised, 80 levels left

rFire  . . .     SeeInvis .     i - +∞ Axe of Woe
rCold  + . .     Clarity  .     a - +0 robe
rNeg   . . .     SustAb   .     (no shield)
rPois  .         Gourm    .     (no helmet)
rElec  .         Spirit   +     (no cloak)
rCorr  +         Warding  .     (no gloves)
rMut   .         NoTele   +     (boots unavailable)
MR     ++...                    (no amulet)
Stlth  +++++++++.               (no ring)
                                (no ring)

@: very resistant to hostile enchantments, incredibly stealthy
A: talons 3, yellow scales 3, cold resistance 1, icemail, augmentation 3, magic
shield, magic regeneration, magic link, freezing cloud immunity
a: Minor Destruction, Lesser Servant of Makhleb, Major Destruction, Greater
Servant of Makhleb, Renounce Religion


You were in the Dungeon.
You worshipped Makhleb.
Makhleb was exalted by your worship.
You were not hungry.

You visited 1 branch

Inventory:

Hand weapons
 i - the +∞ Axe of Woe (weapon)
   (You found it in the Dungeon)
Armour
 a - a +0 robe (worn)
Scrolls
 h - a scroll of blinking
Potions
 c - a potion of curing
 d - a potion of heal wounds
 e - a potion of haste
 f - 2 potions of magic
 g - a potion of berserk rage
Comestibles
 b - a bread ration


   Skills:
 O Level 27 Fighting
 O Level 27 Axes
 O Level 27 Throwing
 O Level 27 Armour
 O Level 27 Dodging
 O Level 27 Stealth
 O Level 27 Unarmed Combat
 O Level 27 Spellcasting
 O Level 27 Invocations


You had 80 spell levels left.
You didn't know any spells.

Dungeon Overview and Level Annotations

Branches:
Dungeon (1/1)

Altars:
Makhleb


Innate Abilities, Weirdness & Mutations

You have claws for feet.
You are completely covered in yellow scales (AC +4, rCorr).
Your flesh is cold resistant.
A meltable icy envelope protects you from harm (AC +0).
Your magical and physical power is greatly enhanced at high health.
When hurt, damage is shared between your health and your magic reserves.
You regenerate magic rapidly.
When low on magic, you restore magic in place of health.
You are immune to freezing clouds.


Message History

The meat berserker rages.
You hear a shout! x3
Unknown command.
You slice the bag of meat!!
You hew the bag of meat savagely.
You kill the bag of meat!
Makhleb accepts your kill.
You hear a shout! x2
A bag of meat comes into view. It is wielding a +9 war axe.
Unknown command.
Unknown command.
A meat berserker comes into view. It is wielding a +9 battleaxe.
You hear a shout! x2
The meat berserker is engulfed in roaring flames.
The meat berserker rages.
You hear a shout!
The meat berserker moves out of view.
You hear a shout! x2
The sculptor of flesh hits you with a +9 great sword!!!!!
Ouch! That really hurt!
You die...

# ### .. ... ....
.. .....## #.####
....... .......
##.....##.##....o
.......).@z.......
........))#.#.....
........).).M.M.o.
#......)O)§.......
.#.....)§§§.......
.......)))§.V....
.......)x).......
.....#.).....#...
....#...).).#.. ..


You could see an accursed, a destroyer, a sculptor of flesh, a meat berserker
(berserk) and 2 bags of meat.

Vanquished Creatures
  A greater mummy (D)
  8 vampire knights (D)
  13 ogres (D)
  49 orcs (D)
  A hill giant (D)
  A skeletal warrior (D)
  2 large abominations (D)
  7 small abominations (D)
  7 crawling corpses (D)
89 creatures vanquished.

Vanquished Creatures (others)
  3 crawling corpses (D)
3 creatures vanquished.

Grand Total: 92 creatures vanquished

Notes
Turn   | Place    | Note
--------------------------------------------------------------
     0 | D        | namelastname112, the Demonspawn Monk, began the quest for the Orb.
     0 | D        | Reached XP level 1. HP: 18/18 MP: 1/1
     3 | D        | Noticed a bag of meat
     3 | D        | Noticed a bag of meat
     4 | D        | Became a worshipper of Makhleb the Destroyer
     4 | D        | Acquired Makhleb's first power
     4 | D        | Acquired Makhleb's second power
     5 | D        | Noticed a bag of meat
     5 | D        | Noticed a meat berserker
     5 | D        | Noticed a bag of meat
     5 | D        | Noticed a bag of meat
     5 | D        | Noticed a bag of meat
     6 | D        | Noticed a bag of meat
     6 | D        | Noticed a bag of meat
     8 | D        | Noticed a bag of meat
     8 | D        | Killed a meat berserker
     8 | D        | Reached skill level 16 in Fighting
     8 | D        | Reached skill level 21 in Unarmed Combat
     8 | D        | Gained mutation: You are partially covered in yellow scales (AC +2). [demonic ancestry]
     8 | D        | Reached XP level 2. HP: 21/45 MP: 2/2
     8 | D        | Gained mutation: Your flesh is cold resistant. [demonic ancestry]
     8 | D        | Reached XP level 3. HP: 23/51 MP: 3/3
     8 | D        | Gained mutation: You have sharp toenails. [demonic ancestry]
     8 | D        | Reached XP level 4. HP: 26/58 MP: 4/4
     8 | D        | Reached XP level 5. HP: 28/64 MP: 5/5
     8 | D        | Reached XP level 6. HP: 31/71 MP: 6/6
     8 | D        | Gained mutation: You are immune to freezing clouds. [demonic ancestry]
     8 | D        | Reached XP level 7. HP: 34/78 MP: 7/7
     8 | D        | Reached XP level 8. HP: 37/85 MP: 8/8
     8 | D        | Gained mutation: When hurt, damage is shared between your health and your magic reserves. [demonic ancestry]
     8 | D        | Reached XP level 9. HP: 39/91 MP: 9/9
     8 | D        | Reached XP level 10. HP: 42/98 MP: 10/10
     8 | D        | Gained mutation: You are mostly covered in yellow scales (AC +3). [demonic ancestry]
     8 | D        | Reached XP level 11. HP: 44/104 MP: 11/11
     8 | D        | Gained mutation: A meltable icy envelope protects you from harm (AC +0). [demonic ancestry]
     8 | D        | Reached XP level 12. HP: 46/111 MP: 12/12
     8 | D        | Gained mutation: You have razor-sharp toenails. [demonic ancestry]
     8 | D        | Reached XP level 13. HP: 48/117 MP: 13/13
     8 | D        | Killed a bag of meat
     8 | D        | Reached skill level 1 in Axes
     8 | D        | Reached skill level 15 in Dodging
     8 | D        | Reached skill level 23 in Unarmed Combat
     9 | D        | Killed a bag of meat
     9 | D        | Acquired Makhleb's third power
     9 | D        | Reached skill level 24 in Unarmed Combat
     9 | D        | Gained mutation: You have claws for feet. [demonic ancestry]
     9 | D        | Reached XP level 14. HP: 48/131 MP: 14/14
    10 | D        | Killed a bag of meat
    10 | D        | Reached skill level 25 in Unarmed Combat
    10 | D        | Killed a bag of meat
    10 | D        | Acquired Makhleb's fourth power
    10 | D        | Reached skill level 26 in Unarmed Combat
    10 | D        | Reached XP level 15. HP: 106/141 MP: 15/15
    10 | D        | Killed a bag of meat
    10 | D        | Reached skill level 27 in Unarmed Combat
    11 | D        | Noticed a bag of meat
    11 | D        | Noticed a meat berserker
    11 | D        | Killed a bag of meat
    11 | D        | Killed a bag of meat
    11 | D        | Acquired Makhleb's fifth power
    11 | D        | Reached skill level 10 in Stealth
    11 | D        | Reached XP level 16. HP: 129/159 MP: 11/16
    11 | D        | Killed a bag of meat
    11 | D        | Reached skill level 10 in Axes
    12 | D        | Noticed a bag of meat
    12 | D        | Noticed a bag of meat
    12 | D        | Noticed a bag of meat
    12 | D        | Noticed a bag of meat
    12 | D        | Noticed a bag of meat
    12 | D        | Noticed a bag of meat
    13 | D        | Killed a meat berserker
    13 | D        | Reached skill level 27 in Fighting
    13 | D        | Reached XP level 17. HP: 120/174 MP: 5/17
    14 | D        | Noticed a bag of meat
    14 | D        | Noticed a meat berserker
    14 | D        | Noticed a bag of meat
    14 | D        | Noticed a bag of meat
    14 | D        | Noticed a meat berserker
    15 | D        | Noticed a bag of meat
    15 | D        | Killed a bag of meat
    16 | D        | Killed a bag of meat
    16 | D        | Reached skill level 27 in Dodging
    16 | D        | Killed a meat berserker
    16 | D        | Reached skill level 15 in Stealth
    16 | D        | Reached XP level 18. HP: 182/182 MP: 5/18
    16 | D        | Killed a meat berserker
    17 | D        | Killed a bag of meat
    17 | D        | Reached skill level 27 in Axes
    17 | D        | Killed a bag of meat
    17 | D        | Reached XP level 19. HP: 189/189 MP: 6/19
    17 | D        | Killed a bag of meat
    17 | D        | Killed a bag of meat
    17 | D        | Reached skill level 27 in Stealth
    18 | D        | Noticed a bag of meat
    18 | D        | Killed a bag of meat
    18 | D        | Killed a bag of meat
    19 | D        | Noticed a bag of meat
    20 | D        | Noticed a destroyer
    20 | D        | Killed a bag of meat
    20 | D        | Reached skill level 15 in Invocations
    21 | D        | Killed a bag of meat
    21 | D        | Gained mutation: You are completely covered in yellow scales (AC +4, rCorr). [demonic ancestry]
    21 | D        | Reached XP level 20. HP: 197/197 MP: 6/37
    23 | D        | Noticed a bag of meat
    23 | D        | Noticed a destroyer
    23 | D        | Noticed a meat berserker
    24 | D        | Noticed a bag of meat
    24 | D        | Noticed a bag of meat
    24 | D        | Noticed a bag of meat
    24 | D        | Killed a bag of meat
    24 | D        | Killed a bag of meat
    24 | D        | Reached skill level 15 in Throwing
    24 | D        | Reached skill level 15 in Armour
    24 | D        | Reached skill level 15 in Spellcasting
    25 | D        | Noticed a bag of meat
    25 | D        | Noticed a bag of meat
    25 | D        | Noticed a bag of meat
    25 | D        | Noticed a destroyer
    25 | D        | Noticed a large bag of meat
    26 | D        | Noticed a destroyer
    26 | D        | Noticed a bag of meat
    26 | D        | Killed a bag of meat
    26 | D        | Killed a destroyer
    26 | D        | Gained mutation: You regenerate magic rapidly. [demonic ancestry]
    26 | D        | Reached XP level 21. HP: 204/204 MP: 7/44
    27 | D        | Noticed a bag of meat
    27 | D        | Noticed a bag of meat
    27 | D        | Noticed a bag of meat
    28 | D        | Noticed a bag of meat
    28 | D        | Noticed a bag of meat
    28 | D        | Noticed a meat berserker
    28 | D        | Noticed a bag of meat
    28 | D        | Killed a bag of meat
    28 | D        | Killed a bag of meat
    28 | D        | Reached skill level 27 in Invocations
    28 | D        | Killed a destroyer
    29 | D        | Noticed a bag of meat
    29 | D        | Noticed a destroyer
    29 | D        | Noticed a meat berserker
    29 | D        | Killed a meat berserker
    29 | D        | Reached XP level 22. HP: 212/212 MP: 9/50
    29 | D        | Killed a bag of meat
    29 | D        | Killed a bag of meat
    30 | D        | Noticed a bag of meat
    31 | D        | Noticed a bag of meat
    31 | D        | Noticed a destroyer
    31 | D        | Noticed a destroyer
    31 | D        | Killed a bag of meat
    31 | D        | Reached skill level 27 in Throwing
    31 | D        | Reached skill level 27 in Armour
    31 | D        | Reached skill level 27 in Spellcasting
    31 | D        | Killed a bag of meat
    31 | D        | Killed a bag of meat
    32 | D        | Noticed a meat berserker
    32 | D        | Killed a destroyer
    32 | D        | Gained mutation: Your magical and physical power is slightly enhanced at high health. [demonic ancestry]
    32 | D        | Reached XP level 23. HP: 219/219 MP: 10/54
    33 | D        | Noticed a meat berserker
    33 | D        | Noticed a bag of meat
    34 | D        | Noticed a sculptor of flesh
    34 | D        | Noticed a destroyer
    34 | D        | Killed a bag of meat
    34 | D        | Killed a bag of meat
    34 | D        | Killed a destroyer
    34 | D        | Killed a bag of meat
    34 | D        | Killed a meat berserker
    34 | D        | Gained mutation: Your magical and physical power is enhanced at high health. [demonic ancestry]
    34 | D        | Reached XP level 24. HP: 227/227 MP: 12/54
    34 | D        | Noticed a bag of meat
    35 | D        | Killed a bag of meat
    35 | D        | Killed a meat berserker
    35 | D        | Killed a bag of meat
    35 | D        | Killed a bag of meat
    36 | D        | Killed a bag of meat
    36 | D        | Killed a bag of meat
    36 | D        | Reached XP level 25. HP: 234/234 MP: 13/54
    36 | D        | Killed a destroyer
    37 | D        | Noticed a bag of meat
    37 | D        | Killed a bag of meat
    37 | D        | Killed a destroyer
    37 | D        | Killed a destroyer
    37 | D        | Gained mutation: Your magical and physical power is greatly enhanced at high health. [demonic ancestry]
    37 | D        | Reached XP level 26. HP: 242/242 MP: 13/54
    37 | D        | Killed a meat berserker
    38 | D        | Noticed a bag of meat
    38 | D        | Killed a large bag of meat
    38 | D        | Killed a meat berserker
    39 | D        | Noticed a meat berserker
    39 | D        | Killed a bag of meat
    40 | D        | Noticed a bag of meat
    40 | D        | Noticed a meat berserker
    40 | D        | Noticed a sculptor of flesh
    41 | D        | Noticed a bag of meat
    41 | D        | Noticed a bag of meat
    41 | D        | Noticed a bag of meat
    42 | D        | Noticed a bag of meat
    42 | D        | Noticed a meat berserker
    42 | D        | Killed a bag of meat
    42 | D        | Killed a sculptor of flesh
    42 | D        | Killed a bag of meat
    43 | D        | Noticed a meat berserker
    43 | D        | Noticed a bag of meat
    43 | D        | Killed a meat berserker
    43 | D        | Gained mutation: When low on magic, you restore magic in place of health. [demonic ancestry]
    43 | D        | Reached XP level 27. HP: 249/249 MP: 12/54
    43 | D        | Killed a destroyer
    43 | D        | Killed a bag of meat
    44 | D        | Killed a meat berserker
    44 | D        | Killed a meat berserker
    45 | D        | Killed a bag of meat
    46 | D        | Noticed an accursed
    46 | D        | Killed a bag of meat
    47 | D        | Killed a bag of meat
    48 | D        | Noticed an accursed
    48 | D        | Killed a bag of meat
    48 | D        | Killed a bag of meat
    49 | D        | Noticed an accursed
    49 | D        | Noticed a meat berserker
    49 | D        | Killed a bag of meat
    50 | D        | Killed a meat berserker
    51 | D        | Noticed a destroyer
    52 | D        | Killed an accursed
    52 | D        | Killed a bag of meat
    53 | D        | Killed a bag of meat
    54 | D        | Noticed a bag of meat
    54 | D        | Noticed a meat berserker
    54 | D        | Annihilated by a sculptor of flesh

Action                   |  1- 3 |  4- 6 |  7- 9 | 10-12 | 13-15 | 16-18 | 19-21 | 22-24 | 25-27 || total
-------------------------+-------+-------+-------+-------+-------+-------+-------+-------+-------++-------
Melee: Executioner's axe |     1 |       |       |       |     3 |     4 |     7 |     5 |    14 ||    34
